 Dungeon Sprint DCSS version 0.27-a0-1196-g3e9cee4cb2 (webtiles) character file.

Game seed: 4491680939469607446

54337 Zeld the Impregnable (level 14, -15/157 HPs)
             Began as a Minotaur Berserker on May 28, 2021.
             Was a High Priest of Trog.
             Killed from afar by a tengu reaver (35 damage)
             ... with a bolt of lightning
             ... led by Sojobo
             ... in the Dungeon (Sprint IX: "|||||||||||||||||||||||||||||").
             The game lasted 00:13:40 (5725 turns).

Zeld the Impregnable (Minotaur Berserker)           Turns: 5725, Time: 00:13:40

Health: -15/157    AC: 33    Str: 27      XL:     14   Next: 34%
Magic:  13/13      EV: 15    Int:  0 (4)  God:    Trog [*****.]
Gold:   462        SH:  0    Dex: 10      Spells: 13/13 levels left

rFire    + . .     SeeInvis +   a - +8 scimitar (flame)
rCold    . . .     Faith    .   (no shield)
rNeg     . . .     Spirit   .   m - +3 plate armour {rF+}
rPois    +         Reflect  .   (helmet restricted)
rElec    .         Harm     .   k - +2 cloak
rCorr    .         Rampage  .   q - +0 pair of gloves
Will     +....     NoTele   +   l - +1 pair of boots
Stlth    ..........             u - amulet of regeneration
HPRegen  1.36/turn              v - ring of see invisible
MPRegen  0.13/turn              t - ring of poison resistance

@: hasted and slowed, lost intelligence
A: horns 2, retaliatory headbutt
a: Renounce Religion, Berserk, Trog's Hand, Brothers in Arms


You were in the Dungeon.
You worshipped Trog.
Trog was extremely pleased with you.
You visited 1 branch You collected 1722 gold pieces.
You spent 1260 gold pieces at shops.

Inventory:

Hand Weapons
 a - a +8 scimitar of flaming (weapon)
Armour
 k - a +2 cloak (worn)
 l - a +1 pair of boots (worn)
 m - a +3 plate armour of fire resistance (worn)
 q - a +0 pair of gloves (worn)
Jewellery
 t - a ring of poison resistance (right hand)
 u - an amulet of regeneration (around neck)
 v - a ring of see invisible (left hand)
Wands
 i - a wand of acid (10)
 j - a wand of digging (6)
 r - a wand of flame (25)
Scrolls
 g - 2 scrolls of fear
 o - a scroll of brand weapon
 p - a scroll of silence
 s - 4 scrolls of identify
Potions
 b - 5 potions of curing
 c - 9 potions of heal wounds
 d - a potion of haste
 e - 4 potions of magic
 f - a potion of berserk rage
 h - a potion of invisibility
 n - a potion of might


   Skills:
 * Level 23.6 Fighting
 - Level 14.0 Long Blades
 * Level 24.5 Armour
 * Level 22.9 Dodging
 - Level 3.2 Unarmed Combat


You had 13 spell levels left.
You didn't know any spells.
Your spell library was empty.

Dungeon Overview and Level Annotations

Branches:
Dungeon (1/1)

Altars:
Cheibriados
Dithmenos
Elyvilon
Fedhas
Gozag
Hepliaklqana
Kikubaaqudgha
Makhleb
Nemelex Xobeh
Okawaru
Qazlal
Ru
Sif Muna
Trog
Uskayaw
Vehumet
Wu Jian
Xom
Yredelemnul
Zin
The Shining One
Beogh
Jiyva
Lugonu

Shops:
D (*=[


Innate Abilities, Weirdness & Mutations

You have a pair of horns on your head.
You reflexively headbutt those who attack you in melee.


Message History

The Orb Guardian hits your ogre. The Orb Guardian hits your ogre!!!
Your ogre dies!
Your ogre's corpse disappears in a puff of smoke!
The glowing orange brain blinks!
Okay, then.
You feel yourself speed up.
The tengu reaver is recalled.
The glowing orange brain is recalled.
The tengu reaver closely misses you. You furiously retaliate!
You headbutt the tengu reaver.
You riposte.
You slash the tengu reaver! You burn the tengu reaver.
You headbutt the tengu reaver!
The tengu reaver is moderately wounded.
The tengu reaver barely misses you.
The tengu reaver claws you but does no damage.
The glowing orange brain blinks!
A tengu reaver comes into view.
It is wielding a +1 dire flail of holy wrath.
You slice the glowing orange brain!! You burn the glowing orange brain.
The glowing orange brain is heavily wounded.
The tengu reaver closely misses you.
You riposte.
You closely miss the tengu reaver.
The tengu reaver is moderately wounded.
The tengu reaver pecks you.
* * * LOW HITPOINT WARNING * * *
The tengu reaver claws you but does no damage.
You barely miss the glowing orange brain.
You headbutt the glowing orange brain!
The glowing orange brain is severely wounded.
The tengu reaver closely misses you. You furiously retaliate!
You headbutt the tengu reaver, but do no damage.
The tengu reaver pecks you but does no damage.
The tengu reaver claws you but does no damage.
You slice the glowing orange brain!! You burn the glowing orange brain.
You kill the glowing orange brain!
Trog accepts your kill.
The tengu reaver hits you but does no damage.
The tengu reaver pecks you but does no damage.
The tengu reaver claws you but does no damage.
Unknown command.
The tengu reaver points at you and mumbles some strange words.
The bolt of lightning hits you!!
You die...

▓▓▓▓▓▓▓▓▓▓▓▓▓▓▓▓▓▓▓▓▓▓▓▓▓▓▓▓▓▓▓▓▓
.()))..))))[....@.QXppMG).p...p.p
▓▓▓▓▓▓▓▓▓▓▓▓▓▓▓▓▓▓▓▓▓▓▓▓▓▓▓▓▓▓▓▓▓
..............)..................
▓▓▓▓▓▓▓▓▓▓▓▓▓▓▓[♣♣♣♣♣♣♣♣♣▓▓▓▓▓▓▓▓
....†)†......÷)'))†...))('.......
▓▓▓▓▓▓▓▓▓▓▓▓▓▓▓♣♣♣♣♣♣♣♣♣♣▓▓▓▓▓▓▓▓
.................................
▓▓▓▓▓▓▓▓▓▓▓▓▓▓▓▓▓▓▓▓▓▓▓▓▓▓▓▓▓▓▓▓▓
==.=.)))))))).[[[[[[[[..!.......†


You could see a tengu reaver, an Orb Guardian (strong), a glowing orange brain,
2 ironbound convokers and a guardian mummy (strong).

Vanquished Creatures
  Frances (D)
  Agnes (D)
  2 fire giants (D)
  A vault warden (D)
  2 stone giants (D)
  A very ugly thing (D)
  An eleionoma (D)
  2 fire dragons (D)
  2 rakshasas (D)
  2 ettins (D)
  A great orb of eyes (D)
  A naga warrior (D)
  2 boulder beetles (D)
  3 ogre magi (D)
  5 hydras (D)
  A ghost crab (D)
  2 centaur warriors (D)
  An anaconda (D)
  2 deep troll shamans (D)
  2 two-headed ogres (D)
  A tengu warrior (D)
  A deep troll earth mage (D)
  A shock serpent (D)
  A naga sharpshooter (D)
  A spriggan druid (D)
  A swamp dragon (D)
  3 glowing orange brains (D)
  3 orc knights (D)
  A necromancer (D)
  A wolf spider (D)
  A mana viper (D)
  A cyclops (D)
  An elephant (D)
  A manticore (D)
  Maurice (D)
  Joseph (D)
  A water nymph (D)
  3 black mambas (D)
  A guardian serpent (D)
  2 cane toads (D)
  Psyche (D)
  A komodo dragon (D)
  2 demonic crawlers (D)
  2 trolls (D)
  A meliai (D)
  A jumping spider (D)
  A hornet (D)
  A blink frog (D)
  2 tarantellas (D)
  A vampire (D)
  3 redbacks (D)
  3 basilisks (D)
  3 wraiths (D)
  Grum (D)
  2 water moccasins (D)
  5 orc warriors (D)
  A black bear (D)
  2 ogres (D)
  A boggart (D)
  4 wolves (D)
  4 bullfrogs (D)
  A howler monkey (D)
  A jelly (D)
  2 orc priests (D)
  2 iguanas (D)
  3 orc wizards (D)
  A gnoll (D)
  An adder zombie (D)
  8 orcs (D)
  2 hobgoblins (D)
  A kobold (D)
  A ball python zombie (D)
  A frilled lizard (D)
128 creatures vanquished.

Vanquished Creatures (collateral kills)
  A fire giant (D)
  A merfolk impaler (D)
  3 fire dragons (D)
  2 rakshasas (D)
  2 ogre magi (D)
  3 two-headed ogres (D)
  2 alligator snapping turtles (D)
  A catoblepas (D)
  7 death yaks (D)
  An orc high priest (D)
  Sonja (D)
  An orc knight (D)
  A wizard (D)
  A cyclops (D)
  A manticore (D)
  A black mamba (D)
  2 merfolk (D)
  A wind drake (D)
  A yak (D)
  3 orc warriors (D)
  2 ogres (D)
38 creatures vanquished.

Vanquished Creatures (others)
  A will-o-the-wisp (D)
  A swamp drake (D)
  A wolf (D)
3 creatures vanquished.

Grand Total: 169 creatures vanquished

Notes
Turn   | Place    | Note
-------+----------+-------------------------------------------
     0 | D        | Zeld the Minotaur Berserker began the quest for the Orb.
     0 | D        | Reached XP level 1. HP: 19/19 MP: 0/0
     9 | D        | Reached skill level 4 in Armour
     9 | D        | Reached XP level 2. HP: 17/26 MP: 1/1
    12 | D        | Reached ** piety under Trog
    33 | D        | Noticed a black bear
    37 | D        | Reached skill level 6 in Armour
    37 | D        | Reached skill level 5 in Dodging
    37 | D        | Reached XP level 3. HP: 11/31 MP: 2/2
   362 | D        | Killed a black bear
   363 | D        | Reached skill level 8 in Armour
   363 | D        | Reached XP level 4. HP: 39/39 MP: 3/3
   365 | D        | Reached *** piety under Trog
   366 | D        | Reached skill level 9 in Armour
   366 | D        | Reached XP level 5. HP: 45/45 MP: 4/4
   425 | D        | Found a snail-covered altar of Cheibriados.
   425 | D        | Found a shadowy altar of Dithmenos.
   425 | D        | Found a white marble altar of Elyvilon.
   425 | D        | Found a blossoming altar of Fedhas.
   425 | D        | Found an opulent altar of Gozag.
   426 | D        | Found a hazy altar of Hepliaklqana.
   427 | D        | Found a viscous altar of Jiyva.
   428 | D        | Found an ancient bone altar of Kikubaaqudgha.
   429 | D        | Found a corrupted altar of Lugonu.
   430 | D        | Found a burning altar of Makhleb.
   431 | D        | Found a sparkling altar of Nemelex Xobeh.
   432 | D        | Found an iron altar of Okawaru.
   433 | D        | Found a stormy altar of Qazlal.
   434 | D        | Found a sacrificial altar of Ru.
   435 | D        | Found a shimmering blue altar of Sif Muna.
   436 | D        | Found a bloodstained altar of Trog.
   437 | D        | Found a hide-covered altar of Uskayaw.
   438 | D        | Found a radiant altar of Vehumet.
   439 | D        | Found an ornate altar of the Wu Jian Council.
   440 | D        | Found a shimmering altar of Xom.
   441 | D        | Found a basalt altar of Yredelemnul.
   442 | D        | Found a glowing silver altar of Zin.
   443 | D        | Found a glowing golden altar of the Shining One.
   452 | D        | Found the +5 scythe "Finisher" {speed, eviscerate}
   481 | D        | Noticed a vampire
   481 | D        | Noticed a wraith
   481 | D        | Noticed a hornet
   481 | D        | Noticed a troll
   481 | D        | Noticed a wraith
   484 | D        | Killed a vampire
   484 | D        | Reached **** piety under Trog
   485 | D        | Reached XP level 6. HP: 51/51 MP: 5/5
   486 | D        | Killed a wraith
   488 | D        | Killed a hornet
   489 | D        | Reached XP level 7. HP: 57/57 MP: 6/6
   492 | D        | Killed a troll
   493 | D        | Reached skill level 10 in Armour
   494 | D        | Killed a wraith
   494 | D        | Reached ***** piety under Trog
   495 | D        | Reached skill level 5 in Fighting
   495 | D        | Reached XP level 8. HP: 69/69 MP: 7/7
   770 | D        | Noticed a troll
   770 | D        | Noticed a cyclops
   770 | D        | Noticed a boulder beetle
   770 | D        | Noticed a centaur warrior
   781 | D        | Killed a troll
   782 | D        | Reached skill level 11 in Armour
   782 | D        | Reached skill level 10 in Dodging
   785 | D        | Killed a cyclops
   791 | D        | Killed a boulder beetle
   792 | D        | Reached skill level 12 in Armour
   792 | D        | Reached XP level 9. HP: 80/85 MP: 8/8
   794 | D        | Killed a centaur warrior
   794 | D        | Identified the +6 long sword of Fury {vorpal, SInv} (Trog
                  | gifted it to you in the Dungeon)
   794 | D        | Received a gift from Trog
   795 | D        | Reached skill level 13 in Armour
  1018 | D        | Noticed Joseph
  1037 | D        | Killed Joseph
  1038 | D        | Reached skill level 14 in Armour
  1333 | D        | Noticed a cane toad
  1340 | D        | Killed a cane toad
  1341 | D        | Noticed a four-headed hydra
  1343 | D        | Reached XP level 10. HP: 97/97 MP: 9/9
  1344 | D        | Noticed an elephant
  1350 | D        | Received a gift from Trog
  1353 | D        | Killed a two-headed hydra
  1354 | D        | Reached skill level 15 in Armour
  1359 | D        | Killed an elephant
  1643 | D        | Noticed a black mamba
  1643 | D        | Noticed a cane toad
  1644 | D        | Noticed a boulder beetle
  1647 | D        | Killed a black mamba
  1654 | D        | Killed a cane toad
  1660 | D        | Received a gift from Trog
  1660 | D        | Noticed a catoblepas
  1666 | D        | Killed a boulder beetle
  1666 | D        | Reached ****** piety under Trog
  1667 | D        | Reached skill level 16 in Armour
  1667 | D        | Reached skill level 15 in Dodging
  2599 | D        | Killed a catoblepas
  2739 | D        | Noticed a death yak
  2739 | D        | Noticed a death yak
  2739 | D        | Noticed a death yak
  2739 | D        | Noticed a death yak
  2739 | D        | Noticed a death yak
  2742 | D        | Killed a death yak
  2743 | D        | Reached XP level 11. HP: 111/111 MP: 10/10
  2744 | D        | Killed a death yak
  2747 | D        | Killed a death yak
  2748 | D        | Reached skill level 15 in Fighting
  2748 | D        | Received a gift from Trog
  2749 | D        | Killed a death yak
  2749 | D        | Noticed a death yak
  2750 | D        | Reached skill level 17 in Armour
  2750 | D        | Noticed a death yak
  2751 | D        | Killed a death yak
  2753 | D        | Killed a death yak
  2756 | D        | Killed a death yak
  2843 | D        | Noticed Psyche
  2856 | D        | Killed Psyche
  2930 | D        | Noticed Sonja
  2944 | D        | Killed Sonja
  3311 | D        | Received a gift from Trog
  3635 | D        | Noticed an orc knight
  3635 | D        | Noticed an orc high priest
  3635 | D        | Noticed an orc knight
  3638 | D        | Received a gift from Trog
  3648 | D        | Killed an orc knight
  3649 | D        | Noticed an orc knight
  3692 | D        | Killed an orc high priest
  3693 | D        | Reached skill level 18 in Armour
  3697 | D        | Killed an orc knight
  3703 | D        | Killed an orc knight
  3704 | D        | Received a gift from Trog
  3865 | D        | Found Juusyvih's Weapon Emporium.
  3865 | D        | Noticed an ogre mage
  3865 | D        | Noticed a two-headed ogre
  3865 | D        | Noticed an ogre mage
  3865 | D        | Noticed an ogre mage
  3867 | D        | Killed an ogre mage
  3867 | D        | Received a gift from Trog
  3873 | D        | Killed a two-headed ogre
  3874 | D        | Found Obai's General Store.
  3876 | D        | Killed an ogre mage
  3879 | D        | Paralysed by an ogre mage for 2 turns
  3881 | D        | Noticed a two-headed ogre
  3890 | D        | Killed an ogre mage
  3893 | D        | Killed a two-headed ogre
  3894 | D        | Reached skill level 19 in Armour
  3894 | D        | Reached XP level 12. HP: 77/125 MP: 11/11
  3948 | D        | Received a gift from Trog
  3953 | D        | Noticed a two-headed ogre
  3954 | D        | Found Peceddu's Jewellery Emporium.
  3956 | D        | Found Siduys's Armour Shoppe.
  3960 | D        | Killed a two-headed ogre
  3962 | D        | Noticed a two-headed ogre
  3963 | D        | Noticed an ogre mage
  3964 | D        | Noticed a two-headed ogre
  3967 | D        | Killed a two-headed ogre
  3969 | D        | Killed an ogre mage
  3969 | D        | Killed a two-headed ogre
  4256 | D        | Bought a potion of haste for 110 gold pieces
  4256 | D        | Bought a scroll of identify for 22 gold pieces
  4256 | D        | Bought a wand of flame (25) for 148 gold pieces
  4260 | D        | Bought a ring of poison resistance for 260 gold pieces
  4260 | D        | Bought an amulet of regeneration for 390 gold pieces
  4274 | D        | Bought a +0 plate armour of fire resistance for 330 gold
                  | pieces
  4313 | D        | Noticed Maurice
  4321 | D        | Killed Maurice
  4321 | D        | Received a gift from Trog
  4478 | D        | Noticed a four-headed hydra
  4478 | D        | Noticed a centaur warrior
  4478 | D        | Noticed an ogre mage
  4481 | D        | Killed a two-headed hydra
  4485 | D        | Killed a centaur warrior
  4487 | D        | Killed an ogre mage
  4490 | D        | Reached skill level 20 in Armour
  4494 | D        | Noticed an ettin
  4496 | D        | Noticed a great orb of eyes
  4498 | D        | Received a gift from Trog
  4498 | D        | Noticed a fire dragon
  4499 | D        | Noticed a stone giant
  4500 | D        | Noticed a deep troll shaman
  4508 | D        | Noticed a fire giant
  4513 | D        | Killed an ettin
  4514 | D        | Paralysed by a great orb of eyes for 3 turns
  4522 | D        | Killed a great orb of eyes
  4530 | D        | Killed a fire dragon
  4536 | D        | Killed a stone giant
  4539 | D        | Killed a deep troll shaman
  4540 | D        | Reached skill level 21 in Armour
  4546 | D        | Killed a fire giant
  4699 | D        | Noticed Frances
  4738 | D        | Killed Frances
  4739 | D        | Reached XP level 13. HP: 114/139 MP: 12/12
  4860 | D        | Received a gift from Trog
  4889 | D        | Noticed an eleionoma
  4897 | D        | Killed an eleionoma
  4898 | D        | Received a gift from Trog
  4902 | D        | Noticed Grum
  4903 | D        | Killed Grum
  4904 | D        | Reached skill level 22 in Armour
  4959 | D        | Noticed a merfolk impaler
  4971 | D        | Killed a merfolk impaler
  4989 | D        | Received a gift from Trog
  5045 | D        | Received a gift from Trog
  5064 | D        | Received a gift from Trog
  5157 | D        | Noticed Agnes
  5167 | D        | Killed Agnes
  5168 | D        | Reached skill level 23 in Armour
  5292 | D        | Noticed a fire giant
  5292 | D        | Noticed a red very ugly thing
  5292 | D        | Noticed a fire dragon
  5297 | D        | Killed a fire giant
  5302 | D        | Killed a red very ugly thing
  5305 | D        | Noticed a fire dragon
  5307 | D        | Noticed a fire dragon
  5313 | D        | Noticed a fire dragon
  5316 | D        | Received a gift from Trog
  5317 | D        | Killed a fire dragon
  5318 | D        | Reached XP level 14. HP: 144/155 MP: 13/13
  5324 | D        | Noticed a stone giant
  5326 | D        | Noticed a fire giant
  5348 | D        | Killed a stone giant
  5354 | D        | Killed a fire giant
  5355 | D        | Reached skill level 24 in Armour
  5428 | D        | Lost intelligence.
  5695 | D        | Noticed a vault warden
  5710 | D        | Killed a vault warden
  5714 | D        | Noticed an Orb Guardian
  5721 | D        | Noticed a tengu reaver
  5725 | D        | Killed from afar by a tengu reaver

Illustrated notes

Levels and vault maps discovered:
D:        linesprint [early_d, line_temple, items_1, d_10, items_2, lair_1,
          lair_end, items_3, orc_1, orc_end, items_4, d_15, swamp_1, shoals_1,
          snake_1, spider_1, d_20, vaults_1, items_5, swamp_end, shoals_end,
          snake_end, spider_end, vaults_end, d_27, items_6, zot_1, zot_end,
          crypt_end, forest_end, elf_end, slime_end, tomb_end, abyss_end,
          pan_hell_end]

Skill      XL: |  1  2  3  4  5  6  7  8  9 10 11 12 13 14 |
---------------+-------------------------------------------+-----
Armour         | 4 6 8 9 10 12 14 16 19 21 23 24 | 24.5
Dodging        | 3 5 7 8 9 11 13 15 17 19 22 | 22.9
Long Blades    | 8 13 14 | 14.0
Fighting       | 5 9 12 14 17 20 22 23 | 23.6
Unarmed Combat | |  3.2

Action                   |  1- 3 |  4- 6 |  7- 9 | 10-12 | 13-15 || total
-------------------------+-------+-------+-------+-------+-------++-------
Melee: Unarmed           |    28 |     6 |       |       |       ||    34
       Headbutt          |     7 |     1 |    19 |    41 |    34 ||   102
       Scimitar          |       |     6 |    45 |   164 |   138 ||   353
       Punch             |       |       |     1 |     2 |     5 ||     8
Invok: Berserk           |     2 |     1 |     3 |     7 |     5 ||    18
       Brothers in Arms  |       |       |       |    14 |    14 ||    28
       Trog's Hand       |       |       |       |       |     1 ||     1
  Use: Scroll            |       |       |     6 |     5 |     1 ||    12
       Potion            |       |       |       |     3 |     4 ||     7
 Stab: Confused          |       |       |       |       |     1 ||     1
Armor: Animal skin       |     3 |     1 |     5 |    39 |       ||    48
       Plate armour      |       |       |       |    20 |    87 ||   107
Dodge: Dodged            |    13 |     7 |    16 |    71 |    91 ||   198
       Rpst.: Scimitar   |       |     2 |     1 |    12 |    20 ||    35

Table legend: (Time is in decaauts)
 A = Elapsed time spent in this place.
 B = Non-inter-level travel time spent in this place.
 C = Inter-level travel time spent in this place.
 D = Time resting spent in this place.
 E = Time spent auto-exploring this place.
 F = Levels seen in this place.
 G = Mean time per level.
                   A        B        C        D        E       F      G
               +--------+--------+--------+--------+--------+-----+--------+
         Total |   5884 |   5884 |      0 |   4083 |      0 |   1 | 5884.0 |
       Dungeon |   5884 |   5884 |      0 |   4083 |      0 |   1 | 5884.0 |
               +--------+--------+--------+--------+--------+-----+--------+

Top non-repeatable levels by time:
       D: 5884 daAuts
